 Dungeon Crawl Stone Soup version 0.29.1-12-g30fa7ad0bf (webtiles) character file.

Game seed: 5400933997564114356

227 Peloso the Covered (level 5, 0/47 HPs)
             Began as a Minotaur Fighter on Dec 28, 2022.
             Succumbed to an adder's poison
             ... on level 4 of the Dungeon.
             The game lasted 00:04:32 (2457 turns).

Peloso the Covered (Minotaur Fighter)               Turns: 2457, Time: 00:04:33

Health: 0/47       AC:  8    Str: 21    XL:     5   Next: 70%
Magic:  4/4        EV:  6    Int:  5    God:
Gold:   111        SH:  5    Dex: 11    Spells: 4/4 levels left

rFire   . . .      SeeInvis .   a - +1 long sword
rCold   . . .      Faith    .   c - +0 buckler
rNeg    . . .      Spirit   .   l - +0 plate armour
rPois   .          Reflect  .   (helmet restricted)
rElec   .          Harm     .   (no cloak)
rCorr   .          Rampage  .   (no gloves)
Will    +....                   (no boots)
Stlth   ..........              (no amulet)
HPRegen 0.15/turn               h - ring of willpower
MPRegen 0.09/turn               j - +4 ring of protection

@: lethally poisoned (0 -> -6), corroded
A: horns 2, retaliatory headbutt
a: no special abilities


You were on level 4 of the Dungeon.
You visited 1 branch of the dungeon, and saw 4 of its levels.

You collected 111 gold pieces.

Inventory:

Hand Weapons
 a - a +1 long sword (weapon)
Armour
 b - a +0 scale mail
 c - a +0 buckler (worn)
 l - a +0 plate armour (worn)
Jewellery
 h - a ring of willpower (left hand)
 j - a +4 ring of protection (right hand)
Wands
 i - a wand of charming (3)
Scrolls
 e - a scroll of brand weapon {unknown}
 f - a scroll of teleportation
 k - a scroll of identify
Potions
 d - 2 potions of might
 m - a potion of ambrosia {unknown}
 n - 2 potions of resistance {unknown}


   Skills:
 + Level 4.7 Fighting
 + Level 3.9 Long Blades
 + Level 5.1 Armour
 + Level 1.6 Dodging
 + Level 4.8 Shields


You had 4 spell levels left.
You didn't know any spells.
Your spell library contained the following spells:

 Spells                   Type           Power      Damage    Failure   Level
 Blink                    Tloc           0%         N/A       100%        2
 Lesser Beckoning         Tloc           0%         N/A       100%        3
 Manifold Assault         Tloc           0%         N/A       100%        5


Dungeon Overview and Level Annotations

Branches:
Dungeon (4/15)
 Temple: D:4-7

Altars:

Shops:
D:1 :

Annotations:
D:2 Sigmund


Innate Abilities, Weirdness & Mutations

You have a pair of horns on your head.
You reflexively headbutt those who attack you in melee.


Message History

* * * LOW HITPOINT WARNING * * *
You feel better. The adder bites you.
* * * LOW HITPOINT WARNING * * *
You are poisoned.
The adder poisons you! The jelly hits you but does no damage.
The adder attacks as you move away! You block the adder's attack.
You feel sick. You block the jelly's attack.
Unknown command.
The adder attacks as you move away! The adder closely misses you.
You feel sick. You block the adder's attack. The jelly completely misses you.
You feel sick.
You feel sick.
Found a book of Callings.
You feel sick.
You are no longer poisoned.
The adder bites you but does no damage.
You feel better. The adder bites you but does no damage.
You closely miss the adder. Your headbutt misses the adder.
The adder barely misses you. The adder bites you but does no damage.
You closely miss the adder. Your headbutt misses the adder.
The adder bites you.
* * * LOW HITPOINT WARNING * * *
You closely miss the adder. Your headbutt misses the adder.
The adder bites you.
* * * LOW HITPOINT WARNING * * *
You block the adder's attack.
You closely miss the adder. The adder bites you.
* * * LOW HITPOINT WARNING * * *
You are lethally poisoned!
The adder poisons you! The adder bites you.
* * * LOW HITPOINT WARNING * * *
You are more poisoned.
The adder poisons you!
You hit the adder but do no damage. You headbutt the adder.
The adder is heavily wounded.
* * * LOW HITPOINT WARNING * * *
You feel very sick. The adder barely misses you.
You hit the adder but do no damage. Your headbutt misses the adder.
The adder is heavily wounded.
You die...

.... .... ...#####...#
..##...+...# .. #.#..#
...#
..#########.#.####...#
...:......##.#)......#
..........'...>J#....#
..........#####S#.....#
###........# #@#.##.##
..#........# #....:...
..#........# ###.....#.
..........##### .......
. ##.##..........#
......<.
...##..........# .....
#.##..........# ....
#.)'...†!.....# ....
####......$...#


You could see a jelly and an adder.

Vanquished Creatures
  An orc wizard (D:3)
  Terence (D:2)
  Natasha (D:2)
  3 gnolls (D:3)
  6 adders
  A dart slug (D:2)
  4 orcs
  5 bats
  4 endoplasms
  2 giant cockroaches (D:1)
  6 goblins
  5 hobgoblins
  2 jackals (D:1)
  8 kobolds
  3 quokkas
  5 ball pythons
  2 frilled lizards (D:2)
  4 rats
63 creatures vanquished.

Notes
Turn   | Place    | Note
-------+----------+-------------------------------------------
     0 | D:1      | Peloso the Minotaur Fighter began the quest for the Orb.
     0 | D:1      | Reached XP level 1. HP: 19/19 MP: 0/0
   110 | D:1      | Reached XP level 2. HP: 27/27 MP: 1/1
   197 | D:1      | Found a faded altar of an unknown god.
   481 | D:1      | Found Tutetor's Vocational Training.
   485 | D:1      | Reached skill level 4 in Armour
   721 | D:2      | Reached XP level 3. HP: 33/33 MP: 2/2
   774 | D:2      | Noticed Terence
   788 | D:2      | Killed Terence
   789 | D:2      | Reached skill level 1 in Dodging
   789 | D:2      | Reached XP level 4. HP: 11/41 MP: 3/3
  1070 | D:2      | Noticed Natasha
  1075 | D:2      | Killed Natasha
  1349 | D:2      | Noticed Sigmund
  1453 | D:3      | Reached XP level 5. HP: 26/47 MP: 4/4
  1992 | D:3      | Reached skill level 5 in Armour
  2456 | D:4      | HP: 2/47 [poisoned by an adder]
  2457 | D:4      | Succumbed to an adder's poison

Illustrated notes

Levels and vault maps discovered:
D:1:      lightli_arrival_statuegarden, layout_loops_ring,
          ebering_ecumenical_altar_abandoned, chequers_decorated_corner,
          nicolae_shop_vocational
D:2:      layout_loops_ring, uniq_sigmund, uniq_natasha, uniq_terence
D:3:      layout_rooms
D:4:      layout_basic, mainiacjoe_overflow_concentric_impassable,
          cheibrodos_sewer_entry_drain, nicolae_figureground_sparkle

Skill      XL: |  1  2  3  4  5 |
---------------+----------------+-----
Fighting       | 4 |  4.7
Armour         | 4 5 |  5.1
Long Blades    | 3 |  3.9
Dodging        | 1 |  1.6
Shields        | 4 |  4.8

Action                   |  1- 3 |  4- 6 || total
-------------------------+-------+-------++-------
Melee: Long sword        |    63 |    99 ||   162
       Headbutt          |     5 |    10 ||    15
  Use: Scroll            |     6 |       ||     6
       Potion            |       |     2 ||     2
Armor: Scale mail        |    28 |    29 ||    57
       Plate armour      |       |    40 ||    40
Dodge: Dodged            |    29 |    64 ||    93
Block: Buckler           |    18 |    28 ||    46
